 Dungeon Sprint DCSS version 0.19-a0-599-g723c685 (webtiles) character file.

1104 Kidiri the Thaumaturge (level 8, -4/48 HPs)
             Began as a Deep Elf Fire Elementalist on June 11, 2016.
             Was a High Priest of Vehumet.
             Slain by a phantasmal warrior (38 damage)
             ... in the Dungeon (Sprint VII: "The Pits").
             The game lasted 00:04:37 (759 turns).

Kidiri the Thaumaturge (Deep Elf Fire Elementalist)  Turns: 759, Time: 00:04:38

Health: -4/48      AC:  2    Str:  5    XL:     8   Next: 11%
Magic:  3/24       EV: 16    Int: 23    God:    Vehumet [*****.]
Gold:   0          SH:  0    Dex: 15    Spells: 6 memorised, 10 levels left

rFire  . . .     SeeInvis .     k - +1 dagger (venom)
rCold  . . .     Gourm    .     a - +0 robe
rNeg   . . .     Faith    .     (no shield)
rPois  .         Spirit   .     (no helmet)
rElec  .         Dismiss  .     (no cloak)
rCorr  .         Reflect  .     (no gloves)
SustAt .         Harm     .     (no boots)
MR     .....     NoTele   +     (no amulet)
Stlth  ++........               (no ring)
                                (no ring)

@: not resistant to hostile enchantments, unstealthy
A: no striking features
a: Renounce Religion


You were in the Dungeon.
You worshipped Vehumet.
Vehumet was extremely pleased with you.
You were not hungry.

You visited 1 branch

Inventory:

Hand Weapons
 k - a +1 dagger of venom (weapon)
Armour
 a - a +0 robe (worn)
Magical Staves
 s - an uncursed staff of energy
Scrolls
 i - a scroll of blinking
 o - 3 scrolls of remove curse
 p - 5 scrolls of amnesia
 q - a scroll of summoning
 r - 2 scrolls of vulnerability
Potions
 d - 6 potions of curing
 e - 3 potions of heal wounds
 f - a potion of haste
 g - a potion of magic
 h - 3 potions of berserk rage
 n - 2 potions of invisibility
Books
 b - a book of Flames

   Spells                             Type                      Level
   a - Flame Tongue                   Conjuration/Fire             1
   b - Throw Flame                    Conjuration/Fire             2
   c - Conjure Flame                  Conjuration/Fire             3
   d - Inner Flame                    Hexes/Fire                   3
   e - Sticky Flame                   Conjuration/Fire             4
   f - Fireball                       Conjuration/Fire             5
Comestibles
 c - 8 bread rations
 j - 3 chunks of flesh
 l - 40 fruits
 m - 7 meat rations


   Skills:
 + Level 4.4 Fighting
 + Level 5.4 Short Blades
 + Level 2.4 Armour
 + Level 6.9 Dodging
 - Level 2.4 Stealth
 * Level 10.7 Spellcasting
 * Level 8.6 Conjurations
 * Level 9.4 Fire Magic
 + Level 5.6 Evocations


You had 10 spell levels left.
You knew the following spells:

 Your Spells              Type           Power        Failure   Level  Hunger
a - Flame Tongue          Conj/Fire      #####        1%          1    None
b - Throw Flame           Conj/Fire      ######       1%          2    None
c - Conjure Flame         Conj/Fire      ######..     1%          3    None
d - Inner Flame           Hex/Fire       ####....     1%          3    None
e - Sticky Flame          Conj/Fire      ######..     1%          4    #......
f - Fireball              Conj/Fire      ######....   1%          5    ####...


Dungeon Overview and Level Annotations

Branches:
Dungeon (1/1)

Altars:
Ashenzari
Cheibriados
Dithmenos
Elyvilon
Fedhas
Gozag
Kikubaaqudgha
Makhleb
Nemelex Xobeh
Okawaru
Pakellas
Qazlal
Ru
Sif Muna
Trog
Vehumet
Xom
Yredelemnul
Zin
The Shining One
Beogh
Jiyva
Lugonu


Message History

Casting: Flame Tongue
Confirm with . or Enter, or press ? or * to list all spells.
You don't have enough magic to cast that spell.
Unknown command.
Unknown command.
Casting: Flame Tongue
Confirm with . or Enter, or press ? or * to list all spells.
Aiming: Flame Tongue
Press: ? - help, Shift-Dir - straight line, f - phantasmal warrior
Aim: a phantasmal warrior (flame, heavily damaged)
The flame tongue hits the phantasmal warrior.
The phantasmal warrior is severely damaged.
The phantasmal warrior hits you!!
Ouch! That really hurt!
* * * LOW HITPOINT WARNING * * *
You feel much better.
The phantasmal warrior is engulfed in roaring flames.
The phantasmal warrior hits you!!!
Ouch! That really hurt!
You die...

#.#..########...<...#
#.#..+[))).##.......#
#.#..#[))).##.......#
#'###########.......#
#.)÷....#.. #########
#.))#...#.# ###
#...#...#.# ...#
#.##.##.#+#§§..#
#...#...#@W§..%+
#...#...#%#5..%#
#.......+.# ...#
########### ###


You could see a phantasmal warrior and an ufetubus.

Vanquished Creatures
  3 blink frogs (D)
  A basilisk (D)
  A black bear (D)
  A wolf (D)
  A giant frog (D)
  A quasit (D)
  A gnoll shaman (D)
  A worker ant (D)
  An adder (D)
  4 gnolls (D)
  A white imp (D)
  An ufetubus (D)
  A giant cockroach (D)
  3 goblins (D)
  2 hobgoblins (D)
  4 jackals (D)
  A ball python (D)
28 creatures vanquished.

Notes
Turn   | Place    | Note
--------------------------------------------------------------
     0 | D        | Kidiri the Deep Elf Fire Elementalist began the quest for the Orb.
     0 | D        | Reached XP level 1. HP: 10/10 MP: 6/6
    62 | D        | Found a sacrificial altar of Ru.
    62 | D        | Found a basalt altar of Yredelemnul.
    62 | D        | Found a shadowy altar of Dithmenos.
    62 | D        | Found a deep blue altar of Sif Muna.
    62 | D        | Found a burning altar of Makhleb.
    62 | D        | Found a shimmering altar of Xom.
    62 | D        | Found an ancient bone altar of Kikubaaqudgha.
    62 | D        | Found a sparkling altar of Nemelex Xobeh.
    63 | D        | Found a glowing golden altar of the Shining One.
    63 | D        | Found a bloodstained altar of Trog.
    63 | D        | Found a shattered altar of Ashenzari.
    63 | D        | Found a white marble altar of Elyvilon.
    63 | D        | Found a snail-covered altar of Cheibriados.
    63 | D        | Found a blossoming altar of Fedhas.
    63 | D        | Found a radiant altar of Vehumet.
    63 | D        | Found a glowing silver altar of Zin.
    63 | D        | Found a corrupted altar of Lugonu.
    63 | D        | Found a viscous altar of Jiyva.
    63 | D        | Found a roughly hewn altar of Beogh.
    63 | D        | Found an iron altar of Okawaru.
    64 | D        | Found an oddly glowing altar of Pakellas.
    74 | D        | Found a stormy altar of Qazlal.
    74 | D        | Found an opulent altar of Gozag.
    76 | D        | Became a worshipper of Vehumet
   184 | D        | Reached * piety under Vehumet
   184 | D        | Offered knowledge of Sting by Vehumet.
   186 | D        | Reached skill level 1 in Fighting
   186 | D        | Reached skill level 1 in Short Blades
   237 | D        | Noticed a worker ant
   243 | D        | Reached skill level 4 in Spellcasting
   243 | D        | Reached skill level 1 in Evocations
   243 | D        | Reached XP level 2. HP: 16/16 MP: 5/9
   248 | D        | Reached ** piety under Vehumet
   248 | D        | Reached XP level 3. HP: 12/20 MP: 3/11
   252 | D        | Learned a level 2 spell: Throw Flame
   256 | D        | Learned a level 3 spell: Conjure Flame
   260 | D        | Learned a level 3 spell: Inner Flame
   375 | D        | Offered knowledge of Sandblast by Vehumet.
   375 | D        | Reached skill level 5 in Spellcasting
   456 | D        | Noticed a black bear
   459 | D        | Noticed a giant frog
   469 | D        | Noticed a wolf
   479 | D        | Killed a black bear
   479 | D        | Reached skill level 6 in Spellcasting
   479 | D        | Reached skill level 5 in Fire Magic
   479 | D        | Reached XP level 4. HP: 27/27 MP: 2/14
   479 | D        | Reached *** piety under Vehumet
   479 | D        | Reached skill level 7 in Spellcasting
   479 | D        | Reached skill level 5 in Conjurations
   479 | D        | Reached XP level 5. HP: 31/31 MP: 3/16
   479 | D        | Reached **** piety under Vehumet
   509 | D        | Reached skill level 5 in Dodging
   509 | D        | Reached skill level 8 in Spellcasting
   509 | D        | Reached XP level 6. HP: 28/37 MP: 3/19
   515 | D        | Offered knowledge of Searing Ray by Vehumet.
   522 | D        | Learned a level 4 spell: Sticky Flame
   528 | D        | Learned a level 5 spell: Fireball
   573 | D        | Reached ***** piety under Vehumet
   579 | D        | Noticed a basilisk
   581 | D        | Killed a basilisk
   581 | D        | Reached skill level 1 in Armour
   581 | D        | Reached skill level 9 in Spellcasting
   581 | D        | Reached XP level 7. HP: 33/42 MP: 15/21
   705 | D        | Offered knowledge of Force Lance by Vehumet.
   745 | D        | Noticed a phantasmal warrior
   745 | D        | Noticed a blink frog
   745 | D        | Noticed a blink frog
   745 | D        | Noticed a blink frog
   750 | D        | Killed a blink frog
   750 | D        | Reached skill level 5 in Short Blades
   750 | D        | Reached skill level 10 in Spellcasting
   750 | D        | Reached skill level 5 in Evocations
   756 | D        | Killed a blink frog
   757 | D        | Killed a blink frog
   757 | D        | Reached XP level 8. HP: 34/48 MP: 3/24
   759 | D        | Slain by a phantasmal warrior

Vault maps used:
D:        pitsprint

Skill      XL: |  1  2  3  4  5  6  7 |
---------------+----------------------+-----
Fighting       | 1 2 3 4 |  4.4
Short Blades   | 1 2 3 4 5 |  5.4
Spellcasting   | 4 6 7 8 9 10 | 10.7
Conjurations   | 2 3 4 5 6 7 8 |  8.6
Fire Magic     | 4 5 6 7 8 9 |  9.4
Evocations     | 1 2 3 4 5 |  5.6
Dodging        | 3 4 5 6 |  6.9
Armour         | 1 2 |  2.4
Stealth        | |  2.4

Action                   |  1- 3 |  4- 6 |  7- 9 || total
-------------------------+-------+-------+-------++-------
Melee: Dagger            |       |       |    20 ||    20
 Cast: Flame Tongue      |    28 |     9 |     2 ||    39
       Conjure Flame     |     2 |     2 |     1 ||     5
       Inner Flame       |     1 |     3 |     1 ||     5
       Throw Flame       |     1 |       |       ||     1
       Sticky Flame      |       |     1 |     3 ||     4
  Use: Potion            |     2 |     2 |     2 ||     6
Armor: Robe              |     2 |       |     2 ||     4
Dodge: Dodged            |    10 |    11 |    17 ||    38
